 Dungeon Crawl Stone Soup version 0.13.0-7-g3df9ff1 (webtiles) character file.

519 CrazyArbalest the Bolt Thrower (level 7, -8/40 HPs)
             Began as a Kobold Hunter on Oct 16, 2013.
             Killed by divine providence
             ... invoked by an orc priest
              (12 damage)
             ... on Level 4 of the Dungeon.
             The game lasted 00:25:28 (3069 turns).

CrazyArbalest the Bolt Thrower (Kobold Hunter)      Turns: 3069, Time: 00:25:30

HP  -8/40        AC  6     Str 12      XL: 7   Next:  3%
MP   6/6         EV 17     Int 12      God:
Gold 145         SH  0     Dex 21      Spells:  0 memorised,  6 levels left

Res.Fire  : . . .   See Invis. : +   b - +1 crossbow
Res.Cold  : . . .   Warding    : .   y - +0 ring mail (curse)
Life Prot.: . . .   Conserve   : .   (no shield)
Res.Poison: .       Res.Corr.  : .   B - +0 cap {SInv}
Res.Elec. : .       Clarity    : .   D - +0 cloak
Sust.Abil.: . .     Spirit.Shd : .   (no gloves)
Res.Mut.  : .       Stasis     : .   (no boots)
Res.Rott. : .       Flight     : .   (no amulet)
Saprovore : + + .                    (no ring)
                                     h - +2 ring of intelligence

@: agile, drained, slightly resistant to hostile enchantments, quite stealthy
A: disease resistance, carnivore 3, saprovore 2
a: no special abilities


You were on level 4 of the Dungeon.
You were completely stuffed.

You visited 1 branch of the dungeon, and saw 4 of its levels.

You collected 211 gold pieces.
You spent 86 gold pieces at shops.

Inventory:

Hand weapons
 a - a +1,+1 dwarven short sword of freezing
 b - a +1,+1 crossbow (weapon)
 l - a +0,+0 short sword
Missiles
 c - 35 bolts (quivered)
Armour
 d - a +0 leather armour
 q - a +0 elven leather armour
 y - a cursed +0 ring mail (worn)
 B - a +0 cap of see invisible (worn)
 D - a +0 cloak (worn)
Magical devices
 u - a wand of digging (17) {unknown}
Comestibles
 f - a meat ration
 g - a slice of pizza
 r - a chunk of giant cockroach flesh
 v - 2 rotting chunks of quokka flesh
 z - a rotting chunk of adder flesh
Scrolls
 i - 3 scrolls of enchant armour {unknown}
 j - a scroll of curse armour {unknown}
 k - 5 scrolls of identify {unknown}
 n - a scroll of noise {unknown}
 p - a scroll of remove curse {unknown}
 s - 4 scrolls of blinking {unknown}
 x - a scroll of curse weapon {unknown}
 A - a scroll of random uselessness {unknown}
Jewellery
 h - a +2 ring of intelligence (left hand)
Potions
 m - a potion of beneficial mutation {unknown}
 o - a potion of heal wounds {unknown}
 t - a potion of agility
 w - a potion of might {unknown}
 C - a potion of invisibility {unknown}


   Skills:
 + Level 2.1(1.8) Fighting
 + Level 1.3(1.0) Short Blades
 * Level 7.7(7.3) Crossbows
 + Level 4.7(4.4) Dodging
 + Level 2.6(2.3) Stealth


You had 6 spell levels left.
You didn't know any spells.

Dungeon Overview and Level Annotations

Branches:
Dungeon (4/27)
 Temple: D:4-7

Altars:

Shops:
D:4 *


Innate Abilities, Weirdness & Mutations

You recuperate from illness quickly.
You are small and have problems with some larger weapons.
You are carnivorous and can eat meat at any time.
You can eat rotten meat.


Message History

You feel more agile all of a sudden.
It was a potion of agility.
The orc wizard closely misses you.
An ogre comes into view. It is wielding a giant club.
Drink which item? (? for menu, Esc to quit)
You feel better.
It was a potion of curing.
The orc priest misses you.
The orc wizard gestures at you while chanting.
You resist.
Firing (i - inventory):
c - 36 bolts (quivered)
Press: ? - help, Shift-Dir - straight line, f/p - orc wizard
Aim: an orc wizard, wielding an orcish dagger and wearing an orcish robe (almost dead, slightly transparent)
You shoot a bolt. The bolt hits the orc wizard.
You kill the orc wizard!
You have reached level 7!
The orc priest hits you with a glowing orcish short sword.
* * * LOW HITPOINT WARNING * * *
You feel drained.
* * * LOW HITPOINT WARNING * * *
The orc priest mumbles some strange prayers to Beogh against you.
Something smites you!
You die...

#########
........#
#######.# #.#
#.# #.# #.#
#####
#∩#########...#
#.........@o.(#
###########oO.#
##(## #.# #.#
######o#
#.oo...#
#.###..# #..#


You could see an ogre, an orc priest and an orc.

Vanquished Creatures
  Sigmund (D:2)
  A crimson imp (D:4)
  An iguana (D:4)
  An orc priest (D:3)
  An orc wizard (D:4)
  A worker ant (D:4)
  5 adders
  2 giant mites
  4 worms
  2 giant geckos (D:2)
  An ooze (D:1)
  4 orcs (D:3)
  2 giant cockroaches
  10 hobgoblins
  4 quokkas
  2 ball pythons (D:1)
  4 bats
  4 giant newts
  12 goblins
  A goblin skeleton (D:4)
  3 jackals (D:2)
  9 kobolds
  8 rats
  2 toadstools (D:1)
85 creatures vanquished.

Vanquished Creatures (others)
  2 toadstools (D:1)
2 creatures vanquished.

Grand Total: 87 creatures vanquished

Notes
Turn   | Place    | Note
--------------------------------------------------------------
     0 | D:1      | CrazyArbalest, the Kobold Hunter, began the quest for the Orb.
     0 | D:1      | Reached XP level 1. HP: 12/12 MP: 0/0
   106 | D:1      | Reached skill level 5 in Crossbows
   405 | D:1      | Reached XP level 2. HP: 14/17 MP: 1/1
   835 | D:1      | Reached XP level 3. HP: 19/21 MP: 2/2
   851 | D:2      | Noticed Sigmund
  1019 | D:2      | Reached skill level 6 in Crossbows
  1045 | D:2      | Reached XP level 4. HP: 26/26 MP: 3/3
  1134 | D:2      | Killed Sigmund
  1134 | D:2      | Reached XP level 5. HP: 4/30 MP: 4/4
  1468 | D:2      | Reached skill level 1 in Short Blades
  2044 | D:3      | Reached XP level 6. HP: 15/36 MP: 5/5
  2162 | D:3      | Reached skill level 7 in Crossbows
  3022 | D:4      | Found Mosextep's Assorted Antiques.
  3029 | D:4      | Bought a scroll labeled ERUFAG UQETIS for 16 gold pieces
  3029 | D:4      | Bought a glowing cap for 40 gold pieces
  3029 | D:4      | Bought a cyan potion for 14 gold pieces
  3032 | D:4      | Bought a cloak for 16 gold pieces
  3069 | D:4      | Reached XP level 7. HP: 11/40 MP: 6/6
  3069 | D:4      | Killed from afar by an orc priest

Action                   |  1- 3 |  4- 6 |  7- 9 || total
-------------------------+-------+-------+-------++-------
Melee: Short sword       |    96 |   147 |       ||   243
 Fire: Crossbow          |     8 |    53 |       ||    61
  Use: Potion            |       |     2 |       ||     2
 Stab: Sleeping          |     1 |     1 |       ||     2
